%YAML 1.1
%TAG !u! tag:unity3d.com,2011:
--- !u!1 &1592032373306007276
GameObject:
  m_ObjectHideFlags: 0
  m_CorrespondingSourceObject: {fileID: 0}
  m_PrefabInstance: {fileID: 0}
  m_PrefabAsset: {fileID: 0}
  serializedVersion: 6
  m_Component:
  - component: {fileID: 22236750506451429}
  - component: {fileID: 4063149711478679612}
  - component: {fileID: 7880195531244550674}
  - component: {fileID: 691373028783813148}
  - component: {fileID: 4738325153588778901}
  - component: {fileID: 7620724902101173151}
  - component: {fileID: 4611090568422391966}
  m_Layer: 0
  m_Name: Knife
  m_TagString: Knife
  m_Icon: {fileID: 0}
  m_NavMeshLayer: 0
  m_StaticEditorFlags: 0
  m_IsActive: 0
--- !u!4 &22236750506451429
Transform:
  m_ObjectHideFlags: 0
  m_CorrespondingSourceObject: {fileID: 0}
  m_PrefabInstance: {fileID: 0}
  m_PrefabAsset: {fileID: 0}
  m_GameObject: {fileID: 1592032373306007276}
  serializedVersion: 2
  m_LocalRotation: {x: -6.123234e-17, y: 1, z: 6.123234e-17, w: -3.7493994e-33}
  m_LocalPosition: {x: -0, y: 0, z: 0}
  m_LocalScale: {x: 14.999999, y: 14.999999, z: 14.999999}
  m_ConstrainProportionsScale: 1
  m_Children: []
  m_Father: {fileID: 0}
  m_LocalEulerAnglesHint: {x: 0, y: 0, z: 0}
--- !u!33 &4063149711478679612
MeshFilter:
  m_ObjectHideFlags: 0
  m_CorrespondingSourceObject: {fileID: 0}
  m_PrefabInstance: {fileID: 0}
  m_PrefabAsset: {fileID: 0}
  m_GameObject: {fileID: 1592032373306007276}
  m_Mesh: {fileID: -6659003102834268097, guid: b967bcf1139903f489df32d478616794, type: 3}
--- !u!23 &7880195531244550674
MeshRenderer:
  m_ObjectHideFlags: 0
  m_CorrespondingSourceObject: {fileID: 0}
  m_PrefabInstance: {fileID: 0}
  m_PrefabAsset: {fileID: 0}
  m_GameObject: {fileID: 1592032373306007276}
  m_Enabled: 1
  m_CastShadows: 1
  m_ReceiveShadows: 1
  m_DynamicOccludee: 1
  m_StaticShadowCaster: 0
  m_MotionVectors: 1
  m_LightProbeUsage: 1
  m_ReflectionProbeUsage: 1
  m_RayTracingMode: 2
  m_RayTraceProcedural: 0
  m_RenderingLayerMask: 1
  m_RendererPriority: 0
  m_Materials:
  - {fileID: -749338713933554755, guid: b967bcf1139903f489df32d478616794, type: 3}
  - {fileID: 168157309880824473, guid: b967bcf1139903f489df32d478616794, type: 3}
  - {fileID: -2310514774154243031, guid: b967bcf1139903f489df32d478616794, type: 3}
  - {fileID: 5614865929993869103, guid: b967bcf1139903f489df32d478616794, type: 3}
  m_StaticBatchInfo:
    firstSubMesh: 0
    subMeshCount: 0
  m_StaticBatchRoot: {fileID: 0}
  m_ProbeAnchor: {fileID: 0}
  m_LightProbeVolumeOverride: {fileID: 0}
  m_ScaleInLightmap: 1
  m_ReceiveGI: 1
  m_PreserveUVs: 0
  m_IgnoreNormalsForChartDetection: 0
  m_ImportantGI: 0
  m_StitchLightmapSeams: 1
  m_SelectedEditorRenderState: 3
  m_MinimumChartSize: 4
  m_AutoUVMaxDistance: 0.5
  m_AutoUVMaxAngle: 89
  m_LightmapParameters: {fileID: 0}
  m_SortingLayerID: 0
  m_SortingLayer: 0
  m_SortingOrder: 0
  m_AdditionalVertexStreams: {fileID: 0}
--- !u!65 &691373028783813148
BoxCollider:
  m_ObjectHideFlags: 0
  m_CorrespondingSourceObject: {fileID: 0}
  m_PrefabInstance: {fileID: 0}
  m_PrefabAsset: {fileID: 0}
  m_GameObject: {fileID: 1592032373306007276}
  m_Material: {fileID: 13400000, guid: 224ad746732ca3a4ab0d8a3aa02b7a03, type: 2}
  m_IncludeLayers:
    serializedVersion: 2
    m_Bits: 0
  m_ExcludeLayers:
    serializedVersion: 2
    m_Bits: 0
  m_LayerOverridePriority: 0
  m_IsTrigger: 0
  m_ProvidesContacts: 0
  m_Enabled: 1
  serializedVersion: 3
  m_Size: {x: 0.02541681, y: 0.09968431, z: 0.0018255243}
  m_Center: {x: -0.00092310813, y: -0.060821913, z: -0.000055118155}
--- !u!54 &4738325153588778901
Rigidbody:
  m_ObjectHideFlags: 0
  m_CorrespondingSourceObject: {fileID: 0}
  m_PrefabInstance: {fileID: 0}
  m_PrefabAsset: {fileID: 0}
  m_GameObject: {fileID: 1592032373306007276}
  serializedVersion: 4
  m_Mass: 5
  m_Drag: 0
  m_AngularDrag: 0.05
  m_CenterOfMass: {x: 0, y: 0, z: 0}
  m_InertiaTensor: {x: 1, y: 1, z: 1}
  m_InertiaRotation: {x: 0, y: 0, z: 0, w: 1}
  m_IncludeLayers:
    serializedVersion: 2
    m_Bits: 0
  m_ExcludeLayers:
    serializedVersion: 2
    m_Bits: 0
  m_ImplicitCom: 1
  m_ImplicitTensor: 1
  m_UseGravity: 1
  m_IsKinematic: 1
  m_Interpolate: 0
  m_Constraints: 8
  m_CollisionDetection: 0
--- !u!114 &7620724902101173151
MonoBehaviour:
  m_ObjectHideFlags: 0
  m_CorrespondingSourceObject: {fileID: 0}
  m_PrefabInstance: {fileID: 0}
  m_PrefabAsset: {fileID: 0}
  m_GameObject: {fileID: 1592032373306007276}
  m_Enabled: 1
  m_EditorHideFlags: 0
  m_Script: {fileID: 11500000, guid: eb6e52f37bca2404fac00b69fd8d21f8, type: 3}
  m_Name: 
  m_EditorClassIdentifier: 
  initialization: 1
  simulationType: 0
  objectType: 0
  demolitionType: 1
  physics:
    mt: 4
    material: {fileID: 0}
    massBy: 0
    mass: 1
    ct: 0
    pc: 1
    ine: 0
    gr: 1
    si: 6
    st: 0.005
    dm: 0.8
    rigidBody: {fileID: 0}
    meshCollider: {fileID: 0}
    clusterColliders: []
    ignoreList: 
    exclude: 0
    solidity: 18
    destructible: 1
  activation:
    loc: 0
    off: 0
    vel: 0
    dmg: 0
    act: 0
    imp: 0
    con: 0
    uny: 0
    atb: 0
    l: 0
    lay: 0
    cnt: {fileID: 0}
  limitations:
    col: 1
    sol: 0.1
    tag: Untagged
    depth: 1
    time: 0.2
    size: 0.1
    vis: 0
    bld: 0
    bound:
      m_Center: {x: 0, y: 0, z: 0}
      m_Extent: {x: 0.5, y: 0.5, z: 0.5}
  meshDemolition:
    am: 15
    var: 0
    dpf: 0.5
    bias: 0
    sd: 1
    use: 0
    cld: 1
    cls: 0
    sim: 4
    inp: 9
    prp:
      col: 0
      szF: 0
      dec: 0
      rem: 0
      l: 1
      lay: 0
      t: 1
      tag: 
    ch:
      tp: 0
      frm: 3
      frg: 4
      skp: 0
    sht: {fileID: 0}
    rotStart: {x: 0, y: 0, z: 0, w: 1}
  clusterDemolition:
    connectivity: 0
    minimumArea: 0
    minimumSize: 0
    percentage: 0
    seed: 0
    type: 0
    ratio: 15
    units: 1
    shardArea: 100
    shardDemolition: 0
    minAmount: 3
    maxAmount: 6
    demolishable: 1
    collapse:
      type: 1
      start: 0
      end: 75
      steps: 10
      duration: 15
      var: 0
      seed: 0
    clsCount: 1
    cluster:
      id: -1
      tm: {fileID: 0}
      depth: 0
      pos: {x: 0, y: 0, z: 0}
      rot: {x: 0, y: 0, z: 0, w: 0}
      scl: {x: 0, y: 0, z: 0}
      bound:
        m_Center: {x: 0, y: 0, z: 0}
        m_Extent: {x: 0, y: 0, z: 0}
      demolishable: 1
      rigid: {fileID: 0}
      shards: []
      cachedHost: 0
      areaCollapse: 0
      minimumArea: 0
      maximumArea: 0
      sizeCollapse: 0
      minimumSize: 0
      maximumSize: 0
      randomCollapse: 0
    minorClusters: []
    cn: 0
    nd: 0
    am: 0
  referenceDemolition:
    reference: {fileID: 0}
    randomList: []
    action: 0
    addRigid: 1
    inheritScale: 1
    inheritMaterials: 0
  materials:
    iMat: {fileID: 0}
    oMat: {fileID: 0}
    mScl: 0.1
    uvE: 0
    uvC: {x: 0, y: 0}
    cE: 0
    cC: {r: 0, g: 0, b: 0, a: 0}
  damage:
    en: 0
    max: 100
    cur: 0
    col: 0
    mlt: 1
    shr: 0
  fading:
    onDemolition: 1
    onActivation: 0
    byOffset: 0
    lifeType: 4
    lifeTime: 7
    lifeVariation: 3
    fadeType: 0
    fadeTime: 5
    sizeFilter: 0
    shardAmount: 5
  reset:
    transform: 1
    damage: 1
    connectivity: 0
    action: 0
    destroyDelay: 1
    mesh: 4
    fragments: 0
  initialized: 1
  rfMeshes: []
  fragments: []
  cacheRotation: {x: 0, y: 0, z: 0, w: 0}
  transForm: {fileID: 0}
  rootChild: {fileID: 0}
  rootParent: {fileID: 0}
  meshFilter: {fileID: 0}
  meshRenderer: {fileID: 0}
  skr: {fileID: 0}
  rest: {fileID: 0}
  sound: {fileID: 0}
--- !u!114 &4611090568422391966
MonoBehaviour:
  m_ObjectHideFlags: 0
  m_CorrespondingSourceObject: {fileID: 0}
  m_PrefabInstance: {fileID: 0}
  m_PrefabAsset: {fileID: 0}
  m_GameObject: {fileID: 1592032373306007276}
  m_Enabled: 1
  m_EditorHideFlags: 0
  m_Script: {fileID: 11500000, guid: fa247b23ee03fe248baa0309f3227075, type: 3}
  m_Name: 
  m_EditorClassIdentifier: 
